 Dungeon Crawl Stone Soup version 0.20.0-6-gd3061e9 (webtiles) character file.

55 Hasart the Scratcher (level 3, -1/15 HPs)
             Began as a Felid Transmuter on May 28, 2017.
             Slain by Crazy Yiuf
             ... wielding a +2 quarterstaff of chaos
              (12 damage)
             ... on level 2 of the Dungeon.
             The game lasted 00:03:52 (1787 turns).

Hasart the Scratcher (Felid Transmuter)             Turns: 1787, Time: 00:03:53

Health: -1/15      AC:  1    Str:  6    XL:     3   Next: 67%
Magic:  6/7        EV: 18    Int: 15    God:
Gold:   133        SH:  0    Dex: 16    Spells: 5/6 levels left
                                        Lives:  0   Deaths: 0

rFire    . . .     SeeInvis +     - Unarmed
rCold    . . .     Gourm    .   (shield unavailable)
rNeg     . . .     Faith    .   (armour unavailable)
rPois    .         Spirit   .   (helmet unavailable)
rElec    .         Reflect  .   (cloak unavailable)
rCorr    .         Harm     .   (gloves unavailable)
MR       +....                  (boots unavailable)
Stlth    +++.......             (no amulet)
Regen    0.1/turn               f - ring of protection from magic
MPRegen  0.1/turn               (no ring)

@: appendage, quick
A: no armour, no weapons or thrown items, stealth, claws 1, fangs 3, horns 2,
see invisible, carnivore 3, speed 1, shaggy fur 1, slow metabolism 1, sharp paws
a: End Transformation


You were on level 2 of the Dungeon.
You were very full.
You had grown temporary horns.
You visited 1 branch of the dungeon, and saw 2 of its levels.

You collected 133 gold pieces.

Inventory:

Missiles
 a - 77 arrows
Jewellery
 f - a ring of protection from magic (left paw)
 l - an uncursed amulet of harm {unknown}
Scrolls
 e - 5 scrolls of identify {unknown}
 h - a scroll of blinking {unknown}
 i - a scroll of remove curse {unknown}
 k - 2 scrolls of fear {unknown}
 m - a scroll of fog {unknown}
Potions
 d - a potion of curing {unknown}
 j - a potion of might {unknown}
 n - a potion of mutation {unknown}
 o - a potion of agility {unknown}
Books
 b - a book of Changes

   Spells                             Type                      Level
   a - Beastly Appendage              Transmutation                1
   b - Sticks to Snakes               Transmutation                2
   c - Spider Form                    Transmutation/Poison         3
   d - Ice Form                       Ice/Transmutation            4
   e - Blade Hands                    Transmutation                5
Comestibles
 c - a meat ration
 g - a royal jelly


   Skills:
 - Level 1.0 Fighting
 + Level 3.3 Dodging
 + Level 2.2 Stealth
 + Level 3.3 Unarmed Combat
 + Level 2.2 Spellcasting
 * Level 3.0 Transmutations


You had 5 spell levels left.
You knew the following spells:

 Your Spells              Type           Power        Failure   Level  Hunger
a - Beastly Appendage     Tmut           ##....       6%          1    #......


Dungeon Overview and Level Annotations

Branches:
Dungeon (2/15)

Altars:
Okawaru
Xom

Annotations:
D:2 Crazy Yiuf


Innate Abilities, Weirdness & Mutations

You cannot wear armour.
You are incapable of wielding weapons or throwing items.
Your paws allow you to move quietly. (Stealth)
You have sharp claws.
You have razor-sharp teeth.
You have supernaturally acute eyesight. (SInv)
You are carnivorous and can eat meat at any time.
You cover ground quickly.
You are covered in fur. (AC +1)
You have a slow metabolism.
Your sharp claws are effective at attacking unaware monsters.
You have a pair of horns on your head.


Message History

Crazy Yiuf is lightly wounded.
Crazy Yiuf whimpers, "Sif Muna!"
Crazy Yiuf completely misses you.
You scratch Crazy Yiuf. You headbutt Crazy Yiuf.
Crazy Yiuf is moderately wounded.
You barely miss Crazy Yiuf.
Crazy Yiuf is moderately wounded.
Crazy Yiuf completely misses you.
You scratch Crazy Yiuf.
Crazy Yiuf is heavily wounded.
Crazy Yiuf hits you with a quarterstaff of chaos.
You barely miss Crazy Yiuf. Your headbutt misses Crazy Yiuf.
Crazy Yiuf is heavily wounded.
Crazy Yiuf misses you.
You scratch Crazy Yiuf but do no damage.
You headbutt Crazy Yiuf!
Crazy Yiuf is almost dead.
Crazy Yiuf hits you with a quarterstaff of chaos!
Ouch! That really hurt!
You die...

##..#####.#
#....# #.#
♣..).♣
#.#####
♣...♣♣
#<....#
♣♣.♣♣
#####.######
♣.♣♣
#.##....
♣♣.♣
#.##.###
♣.♣♣ #.##.#
♣♣@♣ #....#
#g# ########
...
#######.<.
#...#
#.......#.
#..)#
#.......#.
#####
#.........
#.......#.
###
#.......#.
#.#
#.........


You could see Crazy Yiuf.

Vanquished Creatures
  An adder (D:2)
  An ooze (D:2)
  3 dart slugs (D:1)
  A leopard gecko (D:1)
  4 bats
  8 goblins (D:1)
  2 hobgoblins (D:1)
  2 jackals (D:2)
  3 kobolds
  7 frilled lizards
  3 rats
35 creatures vanquished.

Notes
Turn   | Place    | Note
-------+----------+-------------------------------------------
     0 | D:1      | Hasart the Felid Transmuter began the quest for the Orb.
     0 | D:1      | Reached XP level 1. HP: 9/9 MP: 4/4
   233 | D:1      | Reached XP level 2. HP: 3/12 MP: 4/6
   267 | D:1      | Reached skill level 1 in Stealth
   450 | D:1      | Found an iron altar of Okawaru.
   736 | D:1      | Reached XP level 3. HP: 14/15 MP: 5/7
   912 | D:2      | Found a shimmering altar of Xom.
  1448 | D:2      | Found a runed door.
  1778 | D:2      | Noticed Crazy Yiuf
  1787 | D:2      | Slain by Crazy Yiuf

Skill      XL: |  1  2  3 |
---------------+----------+-----
Stealth        | 1 2 |  2.2
Dodging        | 3 |  3.3
Transmutations | 3 |  3.0
Fighting       | |  1.0
Unarmed Combat | |  3.3
Spellcasting   | |  2.2

Action                   || total
-------------------------++-------
Melee: Unarmed           ||    89
       Headbutt          ||    12
       Bite              ||     7
       Punch             ||     3
 Cast: Beastly Appendage ||    11
 Stab: Sleeping          ||     7
  Eat: Chunk             ||     8
Armor: Skin              ||     4
Dodge: Dodged            ||    76
